 Dungeon Crawl Stone Soup version 0.20-a0-1117-g62da73f (webtiles) character file.

7157 alfred1011 the Cleaver (level 10, -9/91 HPs)
             Began as a Minotaur Berserker on May 9, 2017.
             Was a High Priest of Trog.
             Splashed by an oklob plant's acid (13 damage)
             ... on level 8 of the Dungeon.
             The game lasted 00:36:09 (8984 turns).

alfred1011 the Cleaver (Minotaur Berserker)         Turns: 8984, Time: 00:36:10

Health: -9/91      AC: 12    Str: 22    XL:     10   Next: 86%
Magic:  9/9        EV: 10    Int:  4    God:    Trog [*****.]
Gold:   270        SH:  6    Dex: 13    Spells: 9/9 levels left

rFire    . . .     SeeInvis .   y - +2 broad axe (chop)
rCold    . . .     Gourm    .   v - +0 buckler
rNeg     + . .     Faith    .   B - +0 plate armour
rPois    .         Spirit   .   (helmet restricted)
rElec    .         Reflect  .   (no cloak)
rCorr    .         Harm     .   a - +1 pair of gloves
MR       .....                  (no boots)
Stlth    ..........             (no amulet)
Regen    0.3/turn               h - ring of positive energy
MPRegen  0.2/turn               (no ring)

@: corroded
A: retaliatory headbutt, horns 2
a: Berserk, Trog's Hand, Brothers in Arms, Burn Spellbooks, Renounce Religion


You were on level 8 of the Dungeon.
You worshipped Trog.
Trog was extremely pleased with you.
You were not hungry.

You visited 1 branch of the dungeon, and saw 8 of its levels.
You also visited: Ossuary.

You collected 270 gold pieces.

Inventory:

Hand Weapons
 w - a +1 war axe
 y - a +2 broad axe of chopping (weapon)
Armour
 a - a +1 pair of gloves (worn)
 v - a +0 buckler (worn)
 B - a +0 plate armour (worn)
Jewellery
 h - a ring of positive energy (left hand)
 D - an uncursed ring of protection from fire {unknown}
Wands
 t - a wand of flame (20/48)
 u - a wand of lightning (3/15)
 C - a wand of iceblast (5/15)
Scrolls
 f - 4 scrolls of immolation
 g - a scroll of noise
 o - 2 scrolls of blinking
 p - 6 scrolls of remove curse
Potions
 b - 2 potions of lignification {unknown}
 d - a potion of berserk rage {unknown}
 e - 2 potions of haste
 i - 3 potions of might {unknown}
 j - 4 potions of curing {unknown}
 k - 2 potions of resistance {unknown}
 l - 3 potions of heal wounds {unknown}
 n - 3 potions of brilliance {unknown}
 A - 3 potions of mutation {unknown}
 E - a potion of invisibility {unknown}
Books
 q - the Volume of Nature
   (You found it on level 8 of the Dungeon)

   Spells                             Type                      Level
   a - Sting                          Conjuration/Poison           1
   b - Beastly Appendage              Transmutation                1
   c - Sticks to Snakes               Transmutation                2
   d - Spider Form                    Transmutation/Poison         3
   Trog disapproves of the use of such an item.
Comestibles
 c - 10 bread rations
 s - 2 royal jellies
 x - 3 fruits


   Skills:
 + Level 9.2 Fighting
 * Level 12.0 Axes
 + Level 8.9 Armour
 + Level 7.6 Dodging
 + Level 7.6 Shields


You had 9 spell levels left.
You didn't know any spells.

Dungeon Overview and Level Annotations

Branches:
Dungeon (8/15)             Temple (0/1) D:4
   Lair: D:8-11

Altars:
Ashenzari
Dithmenos
Fedhas
Okawaru
Wu Jian

Annotations:
D:8 exclusion: oklob plant


Innate Abilities, Weirdness & Mutations

You reflexively headbutt those who attack you in melee.
You have a pair of horns on your head.


Message History

The oklob plant is engulfed in a cloud of scalding steam.
The oklob plant spits acid at you. The splash of acid hits you!
You are splashed with acid!
The acid burns!
* * * LOW HITPOINT WARNING * * *
Unknown command.
Evoke which item? (* to show all) (? for menu, Esc to quit)
Aiming: Throw Flame (will waste charges)
Press: ? - help, Shift-Dir - straight line, f/p - oklob plant
Aim: an oklob plant (steam, severely damaged) Evoking this partially-identified wand wasted a few charges.
Evoke which item? (* to show all) (? for menu, Esc to quit)
Aiming: Throw Flame (will waste charges)
Press: ? - help, Shift-Dir - straight line, f/p - oklob plant
Aim: an oklob plant (severely damaged) Evoking this partially-identified wand wasted a few charges.
The oklob plant spits acid at you. The splash of acid hits you!
* * * LOW HITPOINT WARNING * * *
You are splashed with acid!
The acid burns!
You die...

#... ♣≈##'.........# ##........
##..♣≈≈#..........# ##..###....
#.♣♣≈#_.♣♣......####..###.....
♣≈≈###≈♣≈......#...####..... ###
♣≈#≈# ##≈≈..P.....####......
..###♣≈#≈# #.≈...#....##........
....#♣≈#'# ##≈≈..#............###
#....♣'#(♣ ♣≈≈≈..#..##.......###.
##....♣♣♣♣♣♣§§..@..####.....####.
###.#P♣≈≈≈P§≈≈..P..## ##...## #..
##..##^.≈≈≈≈≈..PP!..# ##..####..
##..# ≈≈≈≈#!..#P#...# #...#....
...## P≈≈P#######.>.## #........
...# #P####..# #...####......#.
...# ####..## ##...##.......##
...# ###...### ##.............#
#..#####.......###..............#


You could see an oklob plant.

Vanquished Creatures
  4 two-headed ogres
  3 hornets
  A hippogriff (D:7)
  A spriggan (D:7)
  Sigmund (D:5)
  A hungry ghost (D:8)
  A water moccasin (D:8)
  2 ice beasts (D:8)
  2 phantoms
  3 sky beasts
  2 ogres
  2 centaurs
  An elf zombie (D:4)
  3 big kobolds
  2 elf skeletons (D:4)
  A bullfrog (D:7)
  3 scorpions
  6 killer bees (D:7)
  An oklob sapling (D:8)
  2 vampire bats (D:5)
  3 crimson imps
  A centaur zombie (Ossuary)
  A bullfrog skeleton (D:5)
  7 hounds
  2 orc priests
  2 centaur skeletons
  A human zombie (D:4)
  Jessica (D:2)
  An iguana (D:7)
  5 human skeletons (D:4)
  6 worker ants
  3 orc wizards
  A big kobold zombie (Ossuary)
  A hound zombie (D:7)
  5 mummies (Ossuary)
  A worker ant zombie (D:7)
  16 adders
  A shadow imp (D:7)
  An ooze (D:1)
  An adder skeleton (D:5)
  4 worms (D:2)
  3 dart slugs
  5 leopard geckos
  20 orcs
  8 ball pythons
  14 bats
  5 giant cockroaches
  10 goblins
  3 hobgoblins
  8 jackals
  2 quokkas (D:5)
  6 frilled lizards
  A gnoll zombie (Ossuary)
  2 goblin zombies (Ossuary)
  A jackal skeleton (D:4)
  24 kobolds
  A kobold zombie (Ossuary)
  An orc skeleton (D:4)
  3 orc zombies
  A quokka skeleton (D:7)
  6 rats
230 creatures vanquished.

Notes
Turn   | Place    | Note
-------+----------+-------------------------------------------
     0 | D:1      | alfred1011 the Minotaur Berserker began the quest for the Orb.
     0 | D:1      | Reached XP level 1. HP: 19/19 MP: 0/0
    40 | D:1      | Reached XP level 2. HP: 27/27 MP: 1/1
    89 | D:1      | Reached skill level 4 in Axes
   359 | D:1      | Reached XP level 3. HP: 23/33 MP: 2/2
   396 | D:1      | Reached ** piety under Trog
   863 | D:2      | Reached XP level 4. HP: 40/40 MP: 3/3
  1151 | D:2      | Noticed Jessica
  1158 | D:2      | Killed Jessica
  1507 | D:3      | Reached XP level 5. HP: 43/47 MP: 4/4
  1542 | D:3      | Reached skill level 5 in Axes
  1849 | D:3      | Reached *** piety under Trog
  2380 | D:4      | Reached skill level 5 in Fighting
  2380 | D:4      | Reached XP level 6. HP: 56/56 MP: 5/5
  2392 | D:4      | Reached skill level 1 in Shields
  2543 | D:4      | Reached skill level 6 in Axes
  2543 | D:4      | Reached XP level 7. HP: 46/61 MP: 6/6
  2578 | D:4      | Found a sand-covered staircase.
  2586 | D:4      | Reached skill level 5 in Armour
  2590 | Ossuary  | Entered an ossuary
  3133 | D:4      | Found an iron altar of Okawaru.
  3239 | D:4      | Found a shadowy altar of Dithmenos.
  3299 | D:4      | Found an ornate altar of the Wu Jian Council.
  3417 | D:4      | Reached skill level 7 in Axes
  3417 | D:4      | Reached skill level 5 in Dodging
  3665 | D:4      | Reached XP level 8. HP: 70/70 MP: 7/7
  3739 | D:4      | Found a staircase to the Ecumenical Temple.
  3789 | D:5      | Entered Level 5 of the Dungeon
  3800 | D:5      | Reached **** piety under Trog
  4682 | D:5      | Noticed Sigmund
  4691 | D:5      | Killed Sigmund
  4691 | D:5      | Reached skill level 8 in Axes
  5471 | D:6      | Found a shattered altar of Ashenzari.
  5917 | D:7      | Reached XP level 9. HP: 49/79 MP: 8/8
  5918 | D:7      | Reached skill level 5 in Shields
  5924 | D:7      | Reached skill level 9 in Axes
  6306 | D:7      | Reached ***** piety under Trog
  6912 | D:7      | Noticed a two-headed ogre
  6922 | D:7      | Killed a two-headed ogre
  6922 | D:7      | Reached skill level 10 in Axes
  6925 | D:7      | Paralysed by a hornet for 1 turns
  7301 | D:7      | Reached XP level 10. HP: 88/88 MP: 9/9
  7390 | D:8      | Noticed a two-headed ogre
  7400 | D:8      | Killed a two-headed ogre
  7664 | D:8      | Reached skill level 11 in Axes
  7723 | D:8      | Noticed a two-headed ogre
  7731 | D:8      | Killed a two-headed ogre
  8200 | D:8      | Noticed a two-headed ogre
  8204 | D:8      | Killed a two-headed ogre
  8386 | D:8      | Found a blossoming altar of Fedhas.
  8565 | D:8      | Identified the Volume of Nature
  8570 | D:8      | Received a gift from Trog
  8574 | D:8      | Reached skill level 12 in Axes
  8941 | D:8      | Noticed an oklob plant
  8984 | D:8      | HP: 4/91 [oklob plant/splash of acid (15)]
  8984 | D:8      | Splashed by an oklob plant's acid

Vault maps used:
D:1:      grunt_arrival_lava_bath
D:2:      uniq_jessica
D:4:      grunt_temple_overflow_open, minmay_temple_entry_enclosed_plants,
          first_bread, nicolae_ossuary_entry_catacombs, grunt_dithmenos_shadows
D:5:      gup_sewer_entry_spiral, minmay_guarded_unrand_vampires_tooth,
          uniq_sigmund
D:6:      ashenzari_conservatory_becter
D:7:      the_bakery
D:8:      minmay_overflow_temple_star_quad, serial_shops, shop,
          introduction_to_nature_1
Ossuary:  ossuary_crypta

Skill      XL: |  1  2  3  4  5  6  7  8  9 10 |
---------------+-------------------------------+-----
Axes           | 4 5 6 7 8 10 12 | 12.0
Armour         | 3 4 5 6 7 8 |  8.9
Fighting       | 4 5 7 8 9 |  9.2
Dodging        | 3 4 5 6 7 |  7.6
Shields        | 2 3 4 6 7 |  7.6

Action                   |  1- 3 |  4- 6 |  7- 9 | 10-12 || total
-------------------------+-------+-------+-------+-------++-------
Melee: Hand axe          |    76 |    97 |       |       ||   173
       Headbutt          |     6 |    25 |    65 |    24 ||   120
       War axe           |       |    49 |   304 |    92 ||   445
       Broad axe         |       |       |       |     1 ||     1
Invok: Berserk           |     4 |     1 |     8 |     6 ||    19
       Trog's Hand       |       |     2 |       |       ||     2
Evoke: Wand              |       |       |       |    12 ||    12
  Use: Scroll            |       |     3 |     8 |     3 ||    14
  Eat: Chunk             |     3 |     7 |    18 |     7 ||    35
       Bread ration      |       |       |     1 |     1 ||     2
       Fruit             |       |       |     1 |       ||     1
       Meat ration       |       |       |       |     1 ||     1
Armor: Animal skin       |     5 |       |       |       ||     5
       Ring mail         |    16 |    17 |       |       ||    33
       Chain mail        |       |    34 |    28 |       ||    62
       Plate armour      |       |       |   133 |    36 ||   169
Dodge: Dodged            |    40 |    46 |   129 |    32 ||   247
Block: Buckler           |       |     8 |    60 |    20 ||    88
